 Dungeon Crawl Stone Soup version 0.32-a0-20-ge526923d97 (webtiles) character file.

Game seed: 2144229134893609504

4968 Lahburn the Chopper (level 10, -13/80 (83) HPs)
             Began as an Armataur Fighter on Jan 17, 2024.
             Was a Follower of Makhleb.
             Mangled by a two-headed ogre
             ... wielding a +0 giant spiked club
              (17 damage)
             ... on level 8 of the Dungeon on Jan 18, 2024.
             The game lasted 00:40:44 (8688 turns).

Lahburn the Chopper (Armataur Fighter)              Turns: 8688, Time: 00:40:45

HP:   -13/80 (83)   AC: 16    Str: 31    XL:     10   Next: 28%
MP:   10/10         EV: 15    Int:  3    God:    Makhleb [*.....]
Gold: 401           SH:  0    Dex:  8    Spells: 9/9 levels left

rFire   + + .        E - +8 great sword "Pirhoof" {venom, rElec rC+ Str+8 Int-5}
rCold   + . .        (shield currently unavailable)
rNeg    . . .        e - +4 leather armour of the Armadillo {rPois rF++ Regen+ Dex-5}
rPois   +            w - +0 helmet
rElec   +            (no cloak)
rCorr   .            r - +1 pair of gloves
SInv    .            (no barding)
Will    .....        M - amulet of faith
Stlth   ++           A - +5 ring of evasion
HPRegen 1.13/turn    q - +4 ring of protection
MPRegen 0.12/turn

%: roll, faith
@: lightly drained
A: large, deformed body, tough skin 3, armoured tail, roll 2
a: Renounce Religion


You were on level 8 of the Dungeon.
You worshipped Makhleb.
Makhleb was aware of your devotion.
You visited 2 branches of the dungeon, and saw 9 of its levels.

You collected 401 gold pieces.

Inventory:

Hand Weapons
 a - a +0 war axe
 E - the +8 great sword "Pirhoof" (weapon) {venom, rElec rC+ Str+8 Int-5}
   (You found it on level 6 of the Dungeon)

   Str+8:     It affects your strength (+8).
   Int-5:     It affects your intelligence (-5).
   rC+:       It protects you from cold.
   rElec:     It insulates you from electricity.
 K - a +0 great sword of holy wrath
Missiles
 y - 5 curare-tipped darts (quivered)
 J - 2 poisoned darts
Armour
 b - a +0 scale mail
 c - a +0 buckler
 e - the +4 leather armour of the Armadillo (worn) {rPois rF++ Regen+ Dex-5}
   (You found it on level 2 of the Dungeon)

   Dex-5:     It affects your dexterity (-5).
   rF++:      It greatly protects you from fire.
   rPois:     It protects you from poison Regen+: It increases your rate of
   health regeneration.
 i - a +0 pair of gloves
 r - a +1 pair of gloves (worn)
 w - a +0 helmet (worn)
Jewellery
 f - a ring of resist corrosion
 q - a +4 ring of protection (right hand)
 x - a ring of protection from cold
 z - a ring of protection from fire
 A - a +5 ring of evasion (left hand)
 I - a ring of willpower
 M - an amulet of faith (around neck)
Wands
 j - a wand of acid (6)
 t - a wand of iceblast (9)
Scrolls
 g - 2 scrolls of enchant armour {unknown}
 h - a scroll of blinking {unknown}
 n - 3 scrolls of teleportation {unknown}
 o - 4 scrolls of identify {unknown}
 s - 2 scrolls of fog {unknown}
 v - a scroll of noise {unknown}
 D - a scroll of butterflies {unknown}
 F - a scroll of immolation {unknown}
 G - a scroll of amnesia {unknown}
Potions
 d - 2 potions of might
 k - a potion of ambrosia {unknown}
 l - 6 potions of curing {unknown}
 p - 2 potions of enlightenment {unknown}
 u - 2 potions of heal wounds {unknown}
 B - 3 potions of haste {unknown}
 C - 2 potions of degeneration {unknown}
 H - a potion of berserk rage {unknown}
 L - a potion of invisibility {unknown}


   Skills:
 + Level 5.8 Fighting
 + Level 6.4 Long Blades
 + Level 6.8 Axes
 + Level 2.5 Throwing
 + Level 6.2 Armour
 + Level 4.3 Dodging
 + Level 2.8 Stealth
 + Level 4.9 Shields
 + Level 1.7 Evocations


You had 9 spell levels left.
You didn't know any spells.
Your spell library contained the following spells:

 Spells                   Type           Power      Damage    Failure   Level
 Magic Dart               Conj           0%         1d3       56%         1
 Shock                    Conj/Air       0%         1d3       56%         1
 Slow                     Hex            0%         N/A       56%         1
 Blink                    Tloc           0%         N/A       71%         2
 Call Imp                 Summ           0%         N/A       71%         2
 Confusing Touch          Hex            0%         N/A       90%         3
 Sigil of Binding         Hex            0%         N/A       90%         3
 Swiftness                Air            0%         N/A       90%         3
 Vampiric Draining        Necr           0%         2d6       90%         3
 Airstrike                Air            0%         2d(0-16)  100%        4


Dungeon Overview and Level Annotations

Branches:
Dungeon (8/15)             Temple (1/1) D:7
   Lair: D:8-11

Altars:
Ashenzari
Cheibriados
Dithmenos
Elyvilon
Fedhas
Gozag
Hepliaklqana
Kikubaaqudgha
Makhleb
Nemelex Xobeh
Qazlal
Ru
Sif Muna
Trog
Uskayaw
Vehumet
Wu Jian
Xom
Yredelemnul
Zin

Shops:
D:5 (

Annotations:
D:8 1 transporter


Innate Abilities, Weirdness & Mutations

Armour fits poorly on your strangely shaped body.
You have extremely tough skin. (AC +3)
You have a long armoured tail.
You regenerate magic and health when rolling toward enemies. (Rampage Regen)


Message History

Pain shoots through your body! The orc priest barely misses you.
The orc priest mumbles some strange prayers to Beogh against you.
You struggle to resist.
Unknown command.
You hit the orc priest but do no damage.
The orc priest looks as sick as possible!
The orc priest is almost dead.
The orc priest barely misses you.
The orc priest casts a cantrip, but nothing happens.
Unknown command.
You slash the orc priest!
You kill the orc priest!
Makhleb accepts your kill.
The orc priest invokes the aid of Beogh against you.
Pain shoots through your body!
The orc priest miscasts a cantrip.
The orc priest barely misses you.
You slice the two-headed ogre!!
The two-headed ogre is poisoned.
The two-headed ogre is moderately wounded.
The orc priest hits you but does no damage.
The orc closely misses you.
Unknown command.
You barely miss the two-headed ogre.
Your tail-slap misses the two-headed ogre.
The two-headed ogre is moderately wounded.
The orc priest closely misses you. The orc hits you but does no damage.
The two-headed ogre hits you with a +0 giant spiked club!
* * * LOW HITPOINT WARNING * * *
The two-headed ogre hits you with a +0 giant club!
* * * LOW HITPOINT WARNING * * *
The orc priest barely misses you.
Unknown command.
You barely miss the two-headed ogre.
The two-headed ogre is moderately wounded.
The orc barely misses you.
The orc priest invokes the aid of Beogh against you.
Beogh smites you!
* * * LOW HITPOINT WARNING * * *
The two-headed ogre hits you with a +0 giant spiked club!
You die...

##.# #.# #.........# #..#
##.# #.........# #.####..#
##...##########
..###..#####).#..........#
####..## #..)##..).......#
###..#####[####....[.....#
....## #...##..©...).....#
....# #.############....#
....# ##.##{oo{o@Ooo######
#..## #..#...#####o.?#
..#####.##...o#.#....#
........##.#.......#.#
######...#.##.8.8.##.# #
###..#.#. ..._..) .#
#...##.#.##.8.8.##.# #.##
#.#.#......}#.# #.#
#.#....#[#....#


You could see a two-headed ogre (very poisoned), 3 orc priests and 3 orcs.

Vanquished Creatures
  A two-headed ogre (D:8)
  Maurice (D:7)
  Grinder (D:5)
  Sigmund (D:2)
  Edmund (D:5)
  3 orc warriors
  4 ice beasts
  3 black bears
  3 water moccasins
  A sky beast (D:6)
  An ogre (D:5)
  4 centaurs
  3 phantoms (D:5)
  A weeping skull (D:4)
  2 bullfrogs
  A gnoll sergeant (D:7)
  A scorpion (D:5)
  3 wights (D:8)
  3 killer bees (D:8)
  2 howler monkeys
  5 hounds
  A bombardier beetle (D:4)
  5 orc priests
  2 jellies (D:5)
  3 iguanas
  7 orc wizards
  5 gnolls (D:7)
  7 adders
  3 white imps
  2 ufetubi (D:6)
  2 dart slugs (D:2)
  A ribbon worm (D:2)
  26 orcs
  2 ball pythons
  6 bats
  3 endoplasms
  2 giant cockroaches
  7 goblins
  6 hobgoblins
  3 jackals (D:4)
  5 quokkas
  4 frilled lizards
  5 kobolds
  5 rats
  A spectral orc (D:4)
158 creatures vanquished.

Vanquished Creatures (others)
  2 orc wizards
2 creatures vanquished.

Grand Total: 160 creatures vanquished

Notes
Turn   | Place    | Note
-------+----------+-------------------------------------------
     0 | D:1      | Lahburn the Armataur Fighter began the quest for the Orb.
     0 | D:1      | Reached XP level 1. HP: 18/18 MP: 1/1
  1318 | D:1      | Reached XP level 2. HP: 21/25 MP: 2/2
  1575 | D:1      | You fall into a shaft and drop 1 floor!
  1785 | D:2      | Reached XP level 3. HP: 31/31 MP: 3/3
  1797 | D:2      | Identified the +4 leather armour of the Armadillo {rPois
                  | rF++ Regen+ Dex-5}
  2242 | D:2      | Reached XP level 4. HP: 38/38 MP: 4/4
  2263 | D:2      | Noticed Sigmund
  2283 | D:2      | Killed Sigmund
  2284 | D:2      | Reached skill level 1 in Dodging
  2284 | D:2      | Reached XP level 5. HP: 14/45 MP: 5/5
  3279 | D:3      | Reached XP level 6. HP: 52/52 MP: 6/6
  4091 | D:4      | Noticed an ice beast
  4104 | D:4      | Killed an ice beast
  4105 | D:4      | Reached skill level 1 in Stealth
  4227 | D:4      | Found a white marble altar of Elyvilon.
  4420 | D:4      | Reached skill level 5 in Armour
  4503 | D:4      | Found a basalt altar of Yredelemnul.
  4524 | D:4      | Gained mutation: You regenerate magic and health when
                  | rolling toward enemies. (Rampage Regen) [Armataur growth]
  4524 | D:4      | Reached XP level 7. HP: 58/58 MP: 7/7
  4707 | D:5      | Entered Level 5 of the Dungeon
  4770 | D:5      | Found Tudiac's Antique Weapon Shoppe.
  4789 | D:5      | Reached skill level 1 in Evocations
  4898 | D:5      | Noticed Grinder
  4921 | D:5      | Killed Grinder
  4922 | D:5      | Reached skill level 5 in Axes
  4922 | D:5      | Reached XP level 8. HP: 48/67 MP: 8/8
  5377 | D:5      | Noticed Edmund
  5423 | D:5      | Killed Edmund
  5739 | D:5      | Reached skill level 1 in Throwing
  6092 | D:6      | Found a radiant altar of Vehumet.
  6228 | D:6      | Identified the +8 great sword "Pirhoof" {venom, rElec rC+
                  | Str+8 Int-5}
  6428 | D:6      | Found a glowing silver altar of Zin.
  6461 | D:6      | Identified the +5 longbow "Idghaany" {drain, rC+ Int+5}
  6482 | D:6      | Reached XP level 9. HP: 73/73 MP: 9/9
  6582 | D:6      | Reached skill level 1 in Long Blades
  7071 | D:7      | Found a shimmering blue altar of Sif Muna.
  7137 | D:7      | Reached skill level 5 in Fighting
  7157 | D:7      | Found a staircase to the Ecumenical Temple.
  7175 | Temple   | Entered the Ecumenical Temple
  7228 | Temple   | Became a worshipper of Makhleb the Destroyer
  7771 | D:7      | Noticed Maurice
  7776 | D:7      | Maurice stole a ring of willpower
  7783 | D:7      | Maurice stole a +0 buckler
  7784 | D:7      | Killed Maurice
  7903 | D:8      | Noticed a two-headed ogre
  7936 | D:8      | Found a transporter.
  7936 | D:8      | Found a transporter.
  7941 | D:8      | Noticed a two-headed ogre
  7976 | D:8      | Reached skill level 5 in Long Blades
  8059 | D:8      | Killed a two-headed ogre
  8060 | D:8      | Reached XP level 10. HP: 80/83 MP: 10/10
  8076 | D:8      | Reached * piety under Makhleb
  8688 | D:8      | HP: 4/80 [orc priest/divine providence (13)]
  8688 | D:8      | Mangled by a two-headed ogre

Illustrated notes

Levels and vault maps discovered:
D:1:      tarquinn_simple_flora_water_a, layout_basic
D:2:      layout_rooms, minmay_misc_feat_tower, minmay_misc_feat_room,
          uniq_sigmund
D:3:      layout_loops_corners
D:4:      layout_rooms, yredelemnul_forgotten_temple_becter, kennysheep_mini,
          skrybe_limestone_x
D:5:      layout_loops_corners, serial_glass, glass_columns_c, glass_columns_b,
          serial_shops, shop, serial_bayou_pond_d, uniq_grinder, uniq_edmund
D:6:      layout_basic, general_overflow_altar, fiery_altar_vehumet,
          minivault_22
D:7:      layout_basic, tgw_sif, minmay_temple_entry_glassed_door, uniq_maurice
D:8:      gammafunk_beogh_shrine, layout_rooms
Temple:   hellmonk_temple_of_storms

Skill      XL: |  1  2  3  4  5  6  7  8  9 10 |
---------------+-------------------------------+-----
Fighting       | 3 4 5 |  5.8
Armour         | 4 5 6 |  6.2
Axes           | 2 3 4 5 6 |  6.8
Dodging        | 1 2 3 4 |  4.3
Shields        | 4 |  4.9
Stealth        | 1 2 |  2.8
Evocations     | 1 |  1.7
Throwing       | 1 2 |  2.5
Long Blades    | 5 6 |  6.4

Action                     |  1- 3 |  4- 6 |  7- 9 | 10-12 || total
---------------------------+-------+-------+-------+-------++-------
  Melee: War axe           |    91 |   125 |   162 |       ||   378
         Tailslap          |     9 |    18 |    32 |     2 ||    61
         Great sword       |       |       |   116 |    48 ||   164
  Throw: Dart              |       |       |    37 |       ||    37
  Evoke: Wand              |       |    10 |     3 |       ||    13
   Stab: Sleeping          |       |     1 |     1 |       ||     2
 Armour: Scale mail        |    30 |       |       |       ||    30
         Leather armour    |    51 |   115 |   301 |    76 ||   543
  Dodge: Dodged            |    41 |    55 |   285 |    91 ||   472
  Block: Buckler           |    24 |    24 |    30 |       ||    78

Table legend: (Time is in decaauts)
 A = Elapsed time spent in this place.
 B = Non-inter-level travel time spent in this place.
 C = Inter-level travel time spent in this place.
 D = Time resting spent in this place.
 E = Time spent auto-exploring this place.
 F = Levels seen in this place.
 G = Mean time per level.
                   A        B        C        D        E       F      G
               +--------+--------+--------+--------+--------+-----+--------+
         Total |   8895 |   8831 |     64 |   1586 |      0 |   9 |  988.3 |
       Dungeon |   8808 |   8744 |     64 |   1586 |      0 |   8 | 1101.0 |
        Temple |     86 |     86 |      0 |      0 |      0 |   1 |   86.0 |
               +--------+--------+--------+--------+--------+-----+--------+

Top non-repeatable levels by time:
     D:3: 1626 daAuts
     D:1: 1586 daAuts
     D:5: 1353 daAuts
     D:7: 963 daAuts
     D:6: 917 daAuts
     D:2: 817 daAuts
     D:8: 781 daAuts
     D:4: 761 daAuts
  Temple: 86 daAuts
